 Dungeon Crawl Stone Soup version 0.24-a0-769-g368c1644f8 (webtiles) character file.

Game seed: 14583351566542008363, levelgen mode: deterministic

19 Masnef the Skirmisher (level 2, -2/19 HPs)
             Began as a Kobold Fighter on Oct 4, 2019.
             Slain by Natasha (3 damage)
             ... on level 1 of the Dungeon.
             The game lasted 00:01:52 (1219 turns).

Masnef the Skirmisher (Kobold Fighter)              Turns: 1219, Time: 00:01:54

Health: -2/19      AC:  6    Str: 21    XL:     2   Next: 95%
Magic:  2/2        EV: 14    Int:  9    God:
Gold:   13         SH: 10    Dex: 19    Spells: 1/1 levels left

rFire    . . .     SeeInvis .   a - +0 flail
rCold    . . .     Gourm    .   c - +0 shield
rNeg     . . .     Faith    .   b - +0 scale mail
rPois    .         Spirit   .   (no helmet)
rElec    .         Reflect  .   (no cloak)
rCorr    .         Harm     .   (no gloves)
MR       .....                  (no boots)
Stlth    +.........             (no amulet)
HPRegen  0.06/turn              i - +3 ring of strength
MPRegen  0.08/turn              (no ring)

@: mighty, agile, flying, slowed, very slow
A: small, carnivore
a: no special abilities


You were on level 1 of the Dungeon.
You were very full.

You visited 1 branch of the dungeon, and saw 2 of its levels.

You collected 13 gold pieces.

Inventory:

Hand Weapons
 a - a +0 flail (weapon)
Armour
 b - a +0 scale mail (worn)
 c - a +0 shield (worn)
Jewellery
 i - a +3 ring of strength (left hand)
Scrolls
 e - a scroll of identify
 g - a scroll of remove curse {unknown}
 h - a scroll of magic mapping {unknown}
Comestibles
 f - 2 rations


   Skills:
 - Level 3.2 Fighting
 + Level 2.9 Maces & Flails
 - Level 2.4 Armour
 - Level 2.4 Shields


You had one spell level left.
You didn't know any spells.
Your spell library was empty.

Dungeon Overview and Level Annotations

Branches:
Dungeon (2/15)

Altars:

Annotations:
D:1 Natasha


Innate Abilities, Weirdness & Mutations

You are small and have problems with some larger weapons.
You are carnivorous and can eat meat at any time.


Message History

Natasha barely misses you. Natasha casts a spell at you.
You feel as though you will be slow longer.
There is a stone staircase leading up here.
Natasha claws you. Natasha barely misses you.
You climb upwards.
The crimson imp disappears in a puff of smoke!
There is a stone staircase leading down here.
You feel very mighty all of a sudden. Natasha completely misses you.
Natasha stares at you and mumbles some strange words.
The magic dart hits you.
* * * LOW HITPOINT WARNING * * *
It was a potion of flight.
You feel very buoyant.
You fly up into the air.
Natasha claws you.
* * * LOW HITPOINT WARNING * * *
Natasha hisses.
Natasha claws you.
You die...

............#...## #####.#.#####
.......####.....#####.....#.....#
........#
####...รท........>......
........#### #.#.....#########...
...........###.#.##### #..#.
##########....[..# ###.##. ######
#...#..## ########...#..
#....####.#.....###..........#.#
#.........####h@.##..........#.#
#.......### #.#.##.............
#........# #........#####.#..#
##..++++++## ##.#..##...#.....##
....+....+.#####.##.###....##.##
###.+....+.......##.....#.....#
#.'..<.'.#####.###..........#
#.+....+...........######..####
#.++'+++.#####.).### ####(...#


You could see Natasha.

Vanquished Creatures
  An ooze (D:1)
  A leopard gecko (D:1)
  A ball python (D:1)
  3 hobgoblins (D:1)
  4 bats
  2 frilled lizards (D:1)
  2 kobolds (D:1)
  A rat (D:1)
15 creatures vanquished.

Notes
Turn   | Place    | Note
-------+----------+-------------------------------------------
     0 | D:1      | Masnef the Kobold Fighter began the quest for the Orb.
     0 | D:1      | Reached XP level 1. HP: 14/14 MP: 1/1
   160 | D:1      | Reached XP level 2. HP: 15/19 MP: 2/2
   960 | D:2      | Noticed Natasha
  1214 | D:2      | Noticed a crimson imp
  1219 | D:1      | Slain by Natasha

Levels and vault maps discovered:
D:1:      lightli_arrival_maybe_door_vault, layout_rooms
D:2:      layout_loops_ring, nemelex_lonely_heart_becter, uniq_natasha

Skill      XL: |  1 |
---------------+----+-----
Maces & Flails | 2 |  2.9
Fighting       | |  3.2
Armour         | |  2.4
Shields        | |  2.4

Action                   || total
-------------------------++-------
Melee: Flail             ||    76
  Use: Potion            ||     3
       Scroll            ||     1
  Eat: Chunk             ||     8
Armor: Scale mail        ||    24
Dodge: Dodged            ||    39
Block: Shield            ||    53

Table legend:
 A = Non-vault XP
 B = Vault XP
 C = Vault XP percentage of total XP
 D = Non-vault monster count
 E = Vault monster count
 F = Vault count percentage of total count
                 A         B        C        D         E       F
            +---------+---------+-------+---------+---------+-------
      Total |      28 |       0 |   0.0 |      15 |       0 |   0.0
            +---------+---------+-------+---------+---------+-------
        D:1 |      26 |       0 |   0.0 |      14 |       0 |   0.0
        D:2 |       2 |       0 |   0.0 |       1 |       0 |   0.0
            +---------+---------+-------+---------+---------+-------
